 Dungeon Crawl Stone Soup version 0.17-a0-2055-gb4e23be (webtiles) character file.

23 Ijustatesigmund the Insei (level 2, -1/18 HPs)
             Began as an Octopode Transmuter on Oct 11, 2015.
             Slain by a jackal (2 damage)
             ... on level 1 of the Dungeon.
             The game lasted 00:02:53 (907 turns).

Ijustatesigmund the Insei (Octopode Transmuter)      Turns: 907, Time: 00:02:53

Health: -1/18      AC:  1    Str:  9    XL:     2   Next: 95%
Magic:  5/5        EV: 12    Int: 15    God:
Gold:   71         SH:  0    Dex: 12    Spells: 2 memorised, 2 levels left

rFire  + . .     SeeInvis .     k - +0 dagger
rCold  . . .     Clarity  .     (no shield)
rNeg   . . .     SustAt   .     (helmet restricted)
rPois  .         Gourm    .     (no amulet)
rElec  .         Spirit   .     j - ring of protection from fire
rCorr  .         Warding  .     (no ring)
rMut   .         Stasis   .     (no ring)
MR     .....                    (no ring)
Stlth  +++.......               (no ring)
                                (no ring)
                                (no ring)
                                (no ring)

@: not resistant to hostile enchantments, fairly stealthy
A: almost no armour, amphibious, 8 rings, constrict 8, camouflage 1, gelatinous
body 1
a: no special abilities


You were on level 1 of the Dungeon.
You were not hungry.

You visited 1 branch of the dungeon, and saw 1 of its levels.

You collected 71 gold pieces.

Inventory:

Hand Weapons
 k - a +0 dagger (weapon)
Missiles
 a - 12 arrows
Jewellery
 e - an uncursed amulet of resist corrosion {unknown}
 j - a ring of protection from fire (left tentacle)
Scrolls
 i - 2 scrolls of magic mapping
Potions
 g - a potion of curing
 h - a potion of flight
Books
 b - a book of Changes

   Spells                             Type                      Level
   a - Beastly Appendage              Transmutation                1
   b - Sticks to Snakes               Transmutation                2
   c - Spider Form                    Transmutation/Poison         3
   d - Ice Form                       Ice/Transmutation            4
   e - Blade Hands                    Transmutation                5
Comestibles
 c - a bread ration
 d - a meat ration
 f - 3 fruits


   Skills:
 - Level 1.0 Fighting
 + Level 0.4 Short Blades
 - Level 2.0 Dodging
 + Level 2.3 Stealth
 - Level 3.0 Unarmed Combat
 - Level 2.0 Spellcasting
 + Level 2.6 Transmutations


You had 2 spell levels left.
You knew the following spells:

 Your Spells              Type           Power        Failure   Level  Hunger
a - Beastly Appendage     Trmt           #.....       10%         1    #......
b - Sticks to Snakes      Trmt           #.........   12%         2    ###....


Dungeon Overview and Level Annotations

Branches:
Dungeon (1/15)

Altars:


Innate Abilities, Weirdness & Mutations

You cannot wear most types of armour.
You are amphibious.
You can wear up to eight rings at the same time.
You can use your tentacles to constrict eight enemies at once.
Your skin changes colour to match your surroundings (Stealth).
Your rubbery body absorbs attacks (AC +1).


Message History

You barely miss the rat. You grab the rat.
You constrict the rat, but do no damage.
You constrict the jackal.
You constrict the jackal, but do no damage.
The jackal misses you. The jackal bites you.
* * * LOW HITPOINT WARNING * * *
The jackal bites you.
* * * LOW HITPOINT WARNING * * *
The jackal misses you. The rat closely misses you.
You hit the rat. You squeeze the rat.
You kill the rat!
You constrict the jackal, but do no damage.
You constrict the jackal.
You kill the jackal!
The jackal barely misses you.
You barely miss the jackal. Your grab misses the jackal.
You constrict the jackal. The jackal barely misses you. The jackal bites you.
* * * LOW HITPOINT WARNING * * *
The jackal bites you.
You die...

#.# #.##......# #.# #.#####.#.#
########.# #.#####.#..
*#........# #).....†#.# ***
**...#####.###########....
*,******,....##*#......# ####.#.#
,,,,,,,,,......##.####.###......#
,,,,****,.....rh..# #..........#
,,,** **,.....#@.# ####...#.###
*.#* *#....rh†.# #...#.... *.*
#.....#.## #...#.... #.*
****#.....#.# #...#.###
..****,,,.....,..# #...#.###
.#*,,,,,,.#..#####* #........
.#*,,,,,,....,,,,,*######...#.##.
.#*,,,,,,.#.,****,,.........†....
.#*,,,,,,,*,,* *,,..............


You could see 2 jackals and 2 rats.

Vanquished Creatures
  An ooze (D:1)
  A giant gecko (D:1)
  3 bats (D:1)
  2 goblins (D:1)
  A hobgoblin (D:1)
  2 jackals (D:1)
  3 kobolds (D:1)
  A ball python (D:1)
  A giant cockroach (D:1)
  2 giant newts (D:1)
  A rat (D:1)
18 creatures vanquished.

Notes
Turn   | Place    | Note
--------------------------------------------------------------
     0 | D:1      | Ijustatesigmund the Octopode Transmuter began the quest for the Orb.
     0 | D:1      | Reached XP level 1. HP: 13/13 MP: 3/3
   507 | D:1      | Reached skill level 1 in Stealth
   507 | D:1      | Reached XP level 2. HP: 18/18 MP: 5/5
   621 | D:1      | Learned a level 2 spell: Sticks to Snakes
   907 | D:1      | Slain by a jackal

Vault maps used:
D:1:      lightli_arrival_statuegarden, st_stairs_7

Action                   || total
-------------------------++-------
Melee: Unarmed           ||    46
       Dagger            ||    17
  Use: Scroll            ||     5
 Stab: Sleeping          ||     3
